 Dungeon Crawl Stone Soup version bcrawl-1.19.1 (webtiles) character file.

Game seed: 23287878370587816

406 Niddhogr the Stinger (level 6, 0/41 HPs)
             Began as a Demonspawn Venom Mage on Dec 2, 2019.
             Slain by a quasit (2 damage)
             ... on level 4 of the Dungeon.
             The game lasted 00:13:43 (4210 turns).

Niddhogr the Stinger (Demonspawn Venom Mage)        Turns: 4210, Time: 00:13:43

Health: 0/41       AC:  5    Str:  8    XL:     6   Next: 56%
Magic:  9/9        EV:  2    Int: 18    God:
Gold:   304        SH:  0    Dex: -2 (14) Spells: 3/9 levels left

rFire    + . .     SeeInvis .   x - +2 dagger (vamp) {!w}
rCold    + . .     Gourm    .   u - +2 buckler
rNeg     . . .     Faith    .   y - +2 robe {rC+} {rC+}
rPois    .         Spirit   .   (helmet restricted)
rElec    .         Reflect  .   (no cloak)
rCorr    .         Harm     .   A - +0 pair of gloves
MR       .....                  (no boots)
Stlth    ..........             (no amulet)
HPRegen  0.13/turn              F - ring of protection from fire
MPRegen  0.11/turn              (no ring)

@: slowed, lost dexterity, very slow
A: horns 1, nightstalker 1, powered by death 1, screaming 1
a: no special abilities


You were on level 4 of the Dungeon.
You were not hungry.

You visited 1 branch of the dungeon, and saw 4 of its levels.

You collected 304 gold pieces.

Inventory:

Hand Weapons
 r - a +0 short sword of freezing
 v - a +0 spear
 x - a +2 vampiric dagger (weapon) {!w}
Missiles
 o - 165 poisoned needles
 z - 22 tomahawks (quivered)
Armour
 k - a +1 helmet
 u - a +2 buckler (worn)
 y - a +2 robe of cold resistance (worn) {rC+}
 A - a +0 pair of gloves (worn)
Jewellery
 F - a ring of protection from fire (left hand)
Scrolls
 e - 3 scrolls of fear
 i - a scroll of identify
 l - 2 scrolls of remove curse
 m - a scroll of enchant armour {unknown}
 n - a scroll of amnesia
 s - a scroll of immolation {unknown}
 t - 4 scrolls of teleportation
 w - a scroll of magic mapping {!r}
Potions
 d - a potion of degeneration {!q}
 g - a potion of agility {unknown}
 j - 2 potions of curing
 q - a potion of resistance
Comestibles
 f - 4 rations {!d}


   Skills:
 + Level 2.6 Polearms
 - Level 1.7 Dodging
 - Level 2.0 Stealth
 - Level 2.0 Spellcasting
   Level 1.0 Conjurations
 * Level 6.7 Poison Magic


You had 3 spell levels left.
You knew the following spells:

 Your Spells              Type           Power        Failure   Level  Hunger
b - Poisonous Vapours     Pois/Air       ##....       12%         2    ###....
c - Olgreb's Toxic Radia  Pois           ####....     19%         4    #####..

Your spell library contained the following spells:

 Spells                   Type           Power        Failure   Level  Hunger
 Sting                    Conj/Pois      ###.         6%          1    #......
 Ignite Poison            Fire/Tmut/Pois #.......     34%         3    ###....
 Summon Scorpions         Summ/Pois      ##......     58%         4    #####..
 Venom Bolt               Conj/Pois      ###.......   86%         5    ######.


Dungeon Overview and Level Annotations

Branches:
Dungeon (4/12)
 Temple: D:4-7

Altars:
Hepliaklqana
Okawaru
Sif Muna


Innate Abilities, Weirdness & Mutations

You are slightly more attuned to the shadows.
You regenerate a little health from kills.
You have a pair of small horns on your head.
You occasionally shout uncontrollably at your foes.


Message History

* * * LOW HITPOINT WARNING * * *
The quasit claws you but does no damage.
The quasit claws you.
* * * LOW HITPOINT WARNING * * *
The quasit bites you.
* * * LOW HITPOINT WARNING * * *
The quasit claws you but does no damage. x2
You take 4 damage, and have 7/41 hp.
You closely miss the quasit.
The quasit bites you but does no damage.
The quasit claws you but does no damage.
The quasit claws you.
* * * LOW HITPOINT WARNING * * *
The quasit bites you.
* * * LOW HITPOINT WARNING * * *
The quasit claws you but does no damage. x2
The quasit bites you but does no damage.
The quasit claws you but does no damage.
The quasit claws you.
You die...

#......#.##..#
#........##...
#......#####.##
##...........#.#
#####.###.#######..
#.....# #.# .# #
###.##..# #.# .#.##
....##..#
#.#######.....
######..# #.....@5Z#
........# ########.#
## .######.# #.# ..
#.##########.# .#
#.#..........# .#
#.#.################.#
#.#.#.<...Y..........#
#.#.#.#.###########..#
#.#.#......# #..#


You could see a quasit and a leopard gecko skeleton.

Levels and vault maps discovered:
D:1:      dpeg_arrival_lava_altar, layout_rooms
D:2:      layout_basic, gammafunk_temple_overflow_forgotten,
          chequers_ecumenical_altar_simple, uniq_robin
D:3:      layout_basic, first_ration
D:4:      layout_basic, minmay_puff

Notes
Turn   | Place    | Note
-------+----------+-------------------------------------------
     0 | D:1      | Niddhogr the Demonspawn Venom Mage began the quest for the
                  | Orb.
     0 | D:1      | Reached XP level 1. HP: 13/13 MP: 3/3
    10 | D:1      | Identified a cursed +0 helmet (You found it on level 1 of
                  | the Dungeon)
   153 | D:1      | Identified a +0 hand axe (You found it on level 1 of the
                  | Dungeon)
   190 | D:1      | HP: 3/13 [jackal (2)]
   192 | D:1      | Identified a potion of might
   193 | D:1      | Gained mutation: You regenerate a little health from kills.
                  | [demonic ancestry]
   193 | D:1      | Reached XP level 2. HP: 5/19 MP: 0/5
   204 | D:1      | Learned a level 2 spell: Poisonous Vapours
   373 | D:1      | Identified a +0 club
   374 | D:1      | Identified a +0 dagger
   374 | D:1      | Identified a +0 scale mail
   497 | D:1      | Reached skill level 4 in Poison Magic
   591 | D:1      | Identified a +0 short sword of freezing
   690 | D:2      | Identified a +0 dagger
   690 | D:2      | Identified a +0 club
   691 | D:2      | Identified a +0 dagger
   693 | D:2      | Identified a +0 club
   693 | D:2      | Identified a +0 mace
   693 | D:2      | Identified a +0 animal skin
   693 | D:2      | Identified a +1 helmet
   693 | D:2      | Noticed Robin
   718 | D:2      | Reached XP level 3. HP: 24/24 MP: 2/6
   751 | D:2      | Identified a +0 club
   759 | D:2      | Identified a +0 club
   782 | D:2      | Identified a +0 club
   782 | D:2      | Identified a +0 club
   843 | D:2      | Killed Robin
  1016 | D:2      | Identified a +0 club
  1023 | D:2      | Identified a +0 club
  1051 | D:2      | Identified a +2 buckler (You found it on level 2 of the
                  | Dungeon)
  1098 | D:2      | Found a faded altar of an unknown god.
  1139 | D:2      | Identified a +0 whip
  1143 | D:2      | Found a hazy altar of Hepliaklqana.
  1143 | D:2      | Found a shimmering blue altar of Sif Muna.
  1144 | D:2      | Gained mutation: You are slightly more attuned to the
                  | shadows. [demonic ancestry]
  1144 | D:2      | Reached XP level 4. HP: 30/30 MP: 5/7
  1261 | D:2      | Reached skill level 5 in Poison Magic
  1267 | D:2      | Learned a level 4 spell: Olgreb's Toxic Radiance
  1298 | D:2      | Found an iron altar of Okawaru.
  1380 | D:2      | Identified a +0 dagger
  1381 | D:2      | Identified a +0 falchion
  1381 | D:2      | Identified a +0 leather armour
  1382 | D:2      | Identified a +2 vampiric dagger
  1382 | D:2      | Identified a +2 robe of cold resistance
  1400 | D:2      | HP: 3/30 [something/puff of frost (8)]
  1401 | D:2      | Identified 2 potions of curing
  1403 | D:2      | Reached skill level 1 in Polearms
  1407 | D:2      | HP: 6/30 [orc/tomahawk (5)]
  1427 | D:2      | HP: 6/30 [orc (2)]
  1755 | D:2      | Reached XP level 5. HP: 28/35 MP: 1/8
  2130 | D:3      | Identified a +1 mace of holy wrath
  2130 | D:3      | Identified a +0 chain mail
  2267 | D:3      | Identified a +0 club
  2267 | D:3      | Identified a +0 leather armour
  2268 | D:3      | Identified a +0 long sword
  2268 | D:3      | Identified a +0 robe
  2270 | D:3      | Identified a +0 club
  2270 | D:3      | Identified a +0 leather armour
  2280 | D:3      | Identified a +0 whip
  2411 | D:3      | Identified a +0 dagger
  2419 | D:3      | Identified 4 scrolls of remove curse
  2431 | D:3      | Identified 4 scrolls of fear
  2717 | D:3      | Identified a +0 ring mail
  2730 | D:3      | Identified a +0 dagger
  2744 | D:3      | Identified a ring of slaying (You found it on level 3 of
                  | the Dungeon)
  2780 | D:3      | Identified a +0 club
  2815 | D:3      | Identified a +0 club
  2815 | D:3      | Identified a +0 robe
  2830 | D:3      | Reached skill level 6 in Poison Magic
  2887 | D:3      | Identified 5 scrolls of teleportation
  3007 | D:3      | Reached skill level 2 in Polearms
  3163 | D:3      | Identified a +0 pair of gloves (You found it on level 3 of
                  | the Dungeon)
  3344 | D:4      | Reached XP level 6. HP: 41/41 MP: 6/9
  3489 | D:4      | Noticed an ice beast
  3549 | D:3      | Identified a ring of protection from fire (You found it on
                  | level 4 of the Dungeon)
  3614 | D:4      | Noticed a crocodile
  3627 | D:4      | Killed a crocodile
  3978 | D:4      | Identified 4 scrolls of identify
  3978 | D:4      | Identified a scroll of magic mapping
  3979 | D:4      | Identified 2 scrolls of amnesia
  3981 | D:4      | Identified a potion of resistance
  4121 | D:4      | Identified a +0 spear (You found it on level 2 of the
                  | Dungeon)
  4169 | D:4      | HP: 9/41 [quasit (2)]
  4170 | D:4      | Identified a potion of lignification
  4180 | D:4      | HP: 12/61 [quasit (1)]
  4183 | D:4      | Lost dexterity.
  4185 | D:4      | HP: 9/61 [quasit (1)]
  4193 | D:4      | HP: 7/61 [quasit (1)]
  4194 | D:4      | Identified a potion of heal wounds
  4195 | D:4      | Identified a potion of mutation
  4195 | D:4      | Gained mutation: You occasionally shout uncontrollably at
                  | your foes. [potion of mutation]
  4195 | D:4      | Gained mutation: You have a pair of small horns on your
                  | head. [potion of mutation]
  4209 | D:4      | HP: 10/41 [quasit (2)]
  4210 | D:4      | HP: 2/41 [quasit (3)]
  4210 | D:4      | Slain by a quasit

Table legend:
 A = Turns spent in this place as a percentage of turns spent in the entire game.
 B = Non-inter-level travel turns spent in this place as a percentage of non-inter-level travel turns spent in the entire game.
 C = Inter-level travel turns spent in this place as a percentage of turns spent in this place.
 D = Turns resting spent in this place as a percentage of non-inter-level travel turns spent in this place.
 E = Turns spent auto-exploring this place as a percentage of non-inter-level travel turns spent in this place.
 F = Non-inter-level travel turns spent in this place divided by the number of levels of this place that you've seen.
                   A       B       C       D       E      F
               +-------+-------+-------+-------+-------+----------------------
         Total | 100.0 | 100.0 |   4.3 |   0.5 |  76.5 | 1007.5
       Dungeon | 100.0 | 100.0 |   4.3 |   0.5 |  76.5 | 1007.5
               +-------+-------+-------+-------+-------+----------------------

Table legend:
 A = Kills in this place as a percentage of kills in entire the game.
 B = Kills by you in this place as a percentage of kills by you in the entire game.
 C = Kills by friends in this place as a percentage of kills by friends in the entire game.
 D = Other kills in this place as a percentage of other kills in the entire game.
 E = Experience gained in this place as a percentage of experience gained in the entire game.
 F = Experience gained in this place divided by the number of levels of this place that you have seen.
                   A       B       C       D       E      F
               +-------+-------+-------+-------+-------+----------------------
         Total | 100.0 | 100.0 |   N/A |   N/A | 100.0 | 145.0
       Dungeon | 100.0 | 100.0 |   N/A |   N/A | 100.0 | 145.0
               +-------+-------+-------+-------+-------+----------------------

Skill      XL: |  1  2  3  4  5 |
---------------+----------------+-----
Poison Magic   | 4 5 6 |  6.7
Polearms       | 1 2 |  2.6
Dodging        | |  1.7
Stealth        | |  2.0
Spellcasting   | |  2.0
Conjurations   | |  1.0

Action                   |  1- 3 |  4- 6 || total
-------------------------+-------+-------++-------
Melee: Hand axe          |    30 |       ||    30
       Short sword       |    53 |   190 ||   243
       Spear             |       |    56 ||    56
       Dagger            |       |    24 ||    24
 Cast: Sting             |    45 |    26 ||    71
       Poisonous Vapours |       |    15 ||    15
  Use: Potion            |     1 |     5 ||     6
       Scroll            |       |     8 ||     8
 Stab: Sleeping          |       |     9 ||     9
  Eat: Chunk             |     2 |    10 ||    12
       Ration            |       |     2 ||     2
Armor: Robe              |    27 |   166 ||   193
       Skin              |       |   174 ||   174
Dodge: Dodged            |    60 |   220 ||   280
Block: Buckler           |     1 |   109 ||   110

Vanquished Creatures
  A crocodile (D:4)
  2 orc wizards
  An iguana (D:3)
  2 worker ants
  Robin (D:2)
  3 adders
  A shadow imp (D:4)
  4 worms
  3 dart slugs
  6 leopard geckos
  9 orcs
  5 giant cockroaches
  11 goblins
  11 hobgoblins
  12 jackals
  8 kobolds
  A quokka (D:2)
  3 bats
  7 frilled lizards
  A quokka skeleton (D:4)
  5 rats
97 creatures vanquished.
